 Dungeon Crawl Stone Soup version 0.14.0-7-g2801ba0 (webtiles) character file.

279 Bloax the Insei (level 5, -1/25 HPs)
             Began as a Vine Stalker Transmuter on Apr 13, 2014.
             Was a Follower of Cheibriados.
             Slain by HungrySpirit's ghost (8 damage)
             ... on Level 4 of the Dungeon.
             The game lasted 00:10:18 (1174 turns).

Bloax the Insei (Vine Stalker Transmuter)           Turns: 1174, Time: 00:10:19

HP  -1/25        AC  4     Str 15      XL: 5   Next: 42%
MP   0/14        EV 11     Int 15      God: Cheibriados [*.....]
Gold 118         SH  0     Dex 17      Spells:  4 memorised,  0 levels left

rFire  . . .     SeeInvis .       - Unarmed
rCold  . . .     Clarity  .     q - +0 leather armour
rNeg   . . .     Conserve .     (no shield)
rPois  .         rCorr    .     g - +0 helmet
rElec  .         rRot     +     (no cloak)
SustAb . .       Spirit   +     (no gloves)
rMut   .         Warding  .     (no boots)
Saprov . . .     Stasis   .     (no amulet)
MR     .....                    (no ring)
                                o - ring of wizardry

@: very slow, not resistant to hostile enchantments, unstealthy
A: fangs 2, regeneration 1, magic shield, antimagic bite, no device heal
a: Bend Time, Renounce Religion


You were on level 4 of the Dungeon.
You worshipped Cheibriados.
Cheibriados was aware of your devotion.
You were hungry.

You visited 1 branch of the dungeon, and saw 4 of its levels.

You collected 118 gold pieces.


Innate Abilities, Weirdness & Mutations

You are immune to rotting.
You have extremely sharp teeth.*
Your natural rate of healing is unusually fast.
When hurt, damage is shared between your health and your magic reserves.
Your bite disrupts and absorbs the magic of your enemies.*
Potions and wands cannot restore your HP.


   Skills:
 - Level 0.8 Fighting
 - Level 1.5 Dodging
 + Level 5.0 Unarmed Combat
 + Level 3.7 Spellcasting
 + Level 2.0 Transmutations


You couldn't memorise any spells.
You knew the following spells:

 Your Spells              Type           Power        Failure   Level  Hunger
a - Beastly Appendage     Trmt           #.....       4%          1    None
b - Sticks to Snakes      Trmt           #.........   6%          2    ##.....
c - Spider Form           Trmt/Pois      #.........   19%         3    ###....
d - Blade Hands           Trmt           #.........   92%         5    #####..


Dungeon Overview and Level Annotations

Branches:
Dungeon (4/15)
 Temple: D:4-7

Altars:
Cheibriados
Elyvilon
Makhleb
Okawaru
Trog
Xom

Annotations:
D:4 HungrySpirit's ghost, average MiFi

Inventory:

Missiles
 b - 8 arrows
 e - 12 stones (quivered)
 f - 2 curare-tipped needles
Armour
 g - a +0 helmet (worn)
   (You found it on level 3 of the Dungeon)
 q - a +0 leather armour (worn)
   (You took it off an orc on level 4 of the Dungeon)
Comestibles
 a - 2 bread rations
Scrolls
 c - a scroll of enchant armour {unknown}
 j - 2 scrolls of remove curse
 m - a scroll of teleportation
Jewellery
 o - a ring of wizardry (left hand)
   (You found it on level 4 of the Dungeon)
Potions
 h - a potion of curing
 i - a potion of agility {unknown}
 k - 2 potions of flight
 n - a potion of lignification {unknown}
Books
 d - a book of Changes

   Spells                             Type                      Level
   *Beastly Appendage                 Transmutation                1
   *Sticks to Snakes                  Transmutation                2
   *Spider Form                       Transmutation/Poison         3
   Ice Form                           Ice/Transmutation            4
   *Blade Hands                       Transmutation                5

###################
.%........@.......#
#########p.#####.##
#..# #..# #..# #..#
#..# ########..#
#.........#


You could see HungrySpirit's ghost.


Message History

You hit HungrySpirit's ghost but do no damage.
You bite HungrySpirit's ghost, but do no damage.
HungrySpirit's ghost is moderately damaged.
Your adder bites HungrySpirit's ghost.
HungrySpirit's ghost barely misses you.
Your adder bites HungrySpirit's ghost.
Unknown command.
You hit HungrySpirit's ghost. You bite HungrySpirit's ghost.
You drain its power.
You feel invigorated.
HungrySpirit's ghost is heavily damaged.
HungrySpirit's ghost barely misses you.
Unknown command.
You hit HungrySpirit's ghost.
You bite HungrySpirit's ghost, but do no damage.
HungrySpirit's ghost is severely damaged.
HungrySpirit's ghost hits you.
Unknown command.
You hit HungrySpirit's ghost but do no damage.
HungrySpirit's ghost is severely damaged.
HungrySpirit's ghost hits you!
Unknown command.
You completely miss HungrySpirit's ghost.
You bite HungrySpirit's ghost. You drain its power.
You feel invigorated.
HungrySpirit's ghost is severely damaged.
HungrySpirit's ghost hits you.
Unknown command.
You hit HungrySpirit's ghost but do no damage.
HungrySpirit's ghost is severely damaged.
HungrySpirit's ghost stares at you.
You feel cold.
HungrySpirit's ghost hits you but does no damage.
Unknown command.
You hit HungrySpirit's ghost.
HungrySpirit's ghost is severely damaged.
Your adder withers and dies!
HungrySpirit's ghost hits you!
* * * LOW HITPOINT WARNING * * *
Unknown command.
Unknown command.
Unknown command.
Unknown command.
You aren't carrying any items that can be evoked.
Drink which item? (? for menu, Esc to quit)
Okay, then.
You aren't carrying any items that can be evoked.
Casting: Sticks to Snakes
Okay, then.
Wield which item (- for none, * to show all)? (? for menu, Esc to quit)
b - 9 arrows (in hand) Unknown command.
Unknown command.
Casting: Sticks to Snakes You create a snake!
Unknown command.
Unknown command.
Wield which item (- for none, * to show all)? (? for menu, Esc to quit)
You are now empty-handed.
HungrySpirit's ghost hits your adder!
Your adder dies!
HungrySpirit's ghost hits your ball python!
Your ball python dies!
Unknown command.
Unknown command.
You hit HungrySpirit's ghost but do no damage.
HungrySpirit's ghost is severely damaged.
HungrySpirit's ghost closely misses you.
Unknown command.
You hit HungrySpirit's ghost but do no damage.
You bite HungrySpirit's ghost. You drain its power.
You feel invigorated.
HungrySpirit's ghost is severely damaged.
HungrySpirit's ghost hits you!
You die...

Action                   |  1- 3 |  4- 6 || total
-------------------------+-------+-------++-------
Melee: Unarmed           |    89 |    68 ||   157
Throw: Stone             |    13 |     8 ||    21
 Cast: Beastly Appendage |     2 |       ||     2
       Sticks to Snakes  |     2 |     9 ||    11
  Use: Scroll            |     4 |       ||     4
       Potion            |     1 |       ||     1

Vault maps used:
D:1:      dpeg_arrival_rhombi
D:2:      kennysheep_the_goblin_king
D:3:      grunt_temple_overflow_open, uniq_jessica
D:4:      okawaru_gym_becter, first_bread

Notes
Turn   | Place    | Note
--------------------------------------------------------------
     0 | D:1      | Bloax, the Vine Stalker Transmuter, began the quest for the Orb.
     0 | D:1      | Reached XP level 1. HP: 9/9 MP: 3/3
   227 | D:2      | Reached XP level 2. HP: 10/14 MP: 4/6
   362 | D:2      | Reached XP level 3. HP: 8/17 MP: 3/7
   470 | D:3      | Reached skill level 4 in Unarmed Combat
   507 | D:3      | Learned a level 2 spell: Sticks to Snakes
   621 | D:3      | Found a snail-covered altar of Cheibriados.
   625 | D:3      | Found a white marble altar of Elyvilon.
   625 | D:3      | Found a shimmering altar of Xom.
   628 | D:3      | Found a burning altar of Makhleb.
   628 | D:3      | Found a bloodstained altar of Trog.
   631 | D:3      | Became a worshipper of Cheibriados the Contemplative
   636 | D:3      | Reached skill level 3 in Spellcasting
   654 | D:3      | Learned a level 3 spell: Spider Form
   681 | D:3      | Noticed Jessica
   689 | D:3      | Killed Jessica
   689 | D:3      | Reached XP level 4. HP: 12/21 MP: 5/10
   873 | D:4      | haaaaahahaha
   905 | D:4      | Paralysed by a giant eyeball for 4 turns
   954 | D:4      | Reached XP level 5. HP: 23/25 MP: 10/13
   963 | D:4      | Found an iron altar of Okawaru.
   971 | D:4      | Reached skill level 5 in Unarmed Combat
  1025 | D:4      | Learned a level 5 spell: Blade Hands
  1146 | D:4      | Noticed HungrySpirit's ghost (average MiFi)
  1167 | D:4      | HP: 6/25 [HungrySpirit's ghost (9)]
  1174 | D:4      | Slain by HungrySpirit's ghost

Vanquished Creatures
  2 orc wizards (D:4)
  Jessica (D:3)
  3 gnolls (D:4)
  2 adders
  2 worms
  A giant eyeball (D:4)
  4 orcs
  2 hobgoblins
  3 jackals (D:2)
  5 kobolds
  2 ball pythons
  2 bats
  4 giant newts
  6 goblins
  An orc skeleton (D:4)
  3 rats
43 creatures vanquished.

Vanquished Creatures (collateral kills)
  A rat (D:4)
1 creature vanquished.

Grand Total: 44 creatures vanquished
